 Dungeon Crawl Stone Soup version 0.30.1-4-g462c640d31 (webtiles) character file.

Game seed: 14934530581793571365

353 Kurtz the Chopper (level 6, 0/38 HPs)
             Began as a Tengu Fighter on Sept 16, 2023.
             Slain by a quokka (4 damage)
             ... summoned by Eustachio
             ... on level 4 of the Dungeon.
             The game lasted 00:04:07 (2651 turns).

Kurtz the Chopper (Tengu Fighter)                   Turns: 2651, Time: 00:04:08

Health: 0/38       AC: 10    Str: 19    XL:     6   Next: 62%
Magic:  7/7        EV:  8    Int:  8    God:
Gold:   147        SH:  4    Dex: 13    Spells: 5/5 levels left

rFire   . . .        b - +0 whip (venom)
rCold   . . .        c - +0 buckler
rNeg    . . .        g - +0 chain mail
rPois   .            (helmet restricted)
rElec   .            (no cloak)
rCorr   +            n - +0 pair of gloves
SInv    .            (boots unavailable)
Will    .....        (no amulet) Stlth
                     p - ring of resist corrosion
HPRegen 0.26/turn    (no ring)
MPRegen 0.10/turn

%: no passive effects
@: flying quickly and evasively, quick
A: beak, talons 3, nimble flight
a: no special abilities


You were on level 4 of the Dungeon.
You visited 1 branch of the dungeon, and saw 4 of its levels.
You also visited: Sewer.

You collected 147 gold pieces.

Inventory:

Hand Weapons
 a - a +0 war axe
 b - a +0 whip of venom (weapon)
Armour
 c - a +0 buckler (worn)
 g - a +0 chain mail (worn)
 n - a +0 pair of gloves (worn)
Jewellery
 p - a ring of resist corrosion (left hand)
 y - a ring of willpower
Wands
 s - a wand of roots (12)
Scrolls
 f - 2 scrolls of identify
 i - 3 scrolls of enchant armour {unknown}
 j - a scroll of teleportation {unknown}
 l - a scroll of immolation {unknown}
 m - 2 scrolls of acquirement {unknown}
 o - a scroll of noise {unknown}
 w - a scroll of fog {unknown}
Potions
 d - a potion of might
 e - a potion of haste {unknown}
 h - a potion of brilliance
 k - 2 potions of mutation {unknown}
 q - a potion of attraction {unknown}
 r - 3 potions of heal wounds
 t - a potion of resistance {unknown}
 u - a potion of cancellation {unknown}
 v - a potion of invisibility {unknown}
 x - a potion of lignification {unknown}
 z - a potion of curing {unknown}


   Skills:
 + Level 3.8 Fighting
 * Level 7.0 Axes
 - Level 3.2 Armour
 - Level 3.0 Shields


You had 5 spell levels left.
You didn't know any spells.
Your spell library contained the following spells:

 Spells                   Type           Power      Damage    Failure   Level
 Stone Arrow              Conj/Erth      0%         3d7       100%        3
 Animate Armour           Summ/Erth      0%         N/A       100%        4
 Lehudib's Crystal Spear  Conj/Erth      0%         10d2      100%        8


Dungeon Overview and Level Annotations

Branches:
Dungeon (4/15)              Sewer (visited)
 Temple: D:4-7

Altars:

Annotations:
D:4 Eustachio


Innate Abilities, Weirdness & Mutations

You have a beak for a mouth.
You have claws for feet.
Your magical nature lets you fly swiftly and evasively.


Message History

The river rat closely misses you. The quokka misses you.
The iron imp sputters.
You hit the quokka but do no damage.
The quokka is poisoned.
Your kick misses the quokka. Your peck misses the quokka.
The quokka closely misses you. The quokka bites you.
The iron imp hits you but does no damage.
The quokka barely misses you. The river rat barely misses you.
The quokka barely misses you.
The quokka bites you but does no damage.
The quokka attacks as you move away! The quokka completely misses you.
You block the quokka's attack. The quokka attacks as you move away!
The quokka barely misses you.
Eustachio brags, "I can call spirits from the vasty deep."
The quokka barely misses you. The quokka attacks as you move away!
The quokka misses you.
Eustachio gestures wildly while chanting.
Eustachio blinks!
The river rat barely misses you. The quokka barely misses you.
You closely miss the river rat. Your kick misses the river rat.
Eustachio mumbles some strange words.
Eustachio blinks!
The quokka bites you but does no damage.
The river rat bites you but does no damage.
The river rat barely misses you. The quokka closely misses you.
Eustachio mumbles some strange words.
Eustachio blinks!
The quokka closely misses you. The quokka bites you.
Eustachio closely misses you. The river rat bites you!
You completely miss Eustachio. You peck Eustachio, but do no damage.
Eustachio is almost dead.
The quokka barely misses you. The quokka bites you.
The iron imp closely misses you. Eustachio hits you with a +0 falchion.
The river rat bites you.
* * * LOW HITPOINT WARNING * * *
Unknown command.
Eustachio hits you with a +0 falchion.
* * * LOW HITPOINT WARNING * * *
The quokka bites you.
You die...

.##...$.........##..#..#.#
..............####...#...#
#...........# #.......#
###.........# ###......
#.........# ##?....
#.....r...# #....
#.....r...# ....
#...5@r...# #....@r...#
##...>...## ##.....##
#######


You could see Eustachio (very poisoned), an iron imp (summoned), 2 river rats
and 2 quokkas.

Vanquished Creatures
  Pargi (Sewer)
  A black bear (D:4)
  Jessica (D:3)
  An iguana (D:4)
  5 adders
  2 worms
  A dart slug (D:3)
  6 orcs
  2 endoplasms (D:2)
  2 giant cockroaches
  4 goblins (D:1)
  6 hobgoblins
  2 jackals (D:1)
  3 quokkas
  7 ball pythons
  5 bats
  6 frilled lizards (Sewer)
  9 kobolds
  3 rats
67 creatures vanquished.

Notes
Turn   | Place    | Note
-------+----------+-------------------------------------------
     0 | D:1      | Kurtz the Tengu Fighter began the quest for the Orb.
     0 | D:1      | Reached XP level 1. HP: 14/14 MP: 2/2
   113 | D:1      | Reached skill level 3 in Axes
   113 | D:1      | Reached XP level 2. HP: 13/19 MP: 3/3
   838 | D:2      | Reached XP level 3. HP: 23/23 MP: 4/4
  1159 | D:2      | Reached skill level 4 in Axes
  1502 | D:3      | Reached XP level 4. HP: 28/28 MP: 5/5
  1513 | D:3      | Noticed Jessica
  1515 | D:3      | Killed Jessica
  1528 | D:3      | Found a glowing drain.
  1538 | Sewer    | Entered a sewer
  1624 | Sewer    | Noticed Pargi
  1637 | Sewer    | Killed Pargi
  1638 | Sewer    | Reached skill level 5 in Axes
  1638 | Sewer    | Gained mutation: Your magical nature lets you fly swiftly
                  | and evasively. [Tengu growth]
  1638 | Sewer    | Reached XP level 5. HP: 3/32 MP: 6/6
  1775 | Sewer    | Reached skill level 6 in Axes
  2052 | D:3      | Reached XP level 6. HP: 17/38 MP: 7/7
  2596 | D:4      | Noticed a black bear
  2611 | D:4      | Killed a black bear
  2614 | D:4      | Reached skill level 7 in Axes
  2622 | D:4      | Noticed Eustachio
  2651 | D:4      | Slain by a quokka

Illustrated notes

Levels and vault maps discovered:
D:1:      ebering_trefoil_3fold, layout_basic, chequers_serial_rivers_micro_a
D:2:      layout_rooms
D:3:      layout_basic, cheibrodos_sewer_entry_bend, uniq_jessica
D:4:      layout_rooms, uniq_eustachio

Skill      XL: |  1  2  3  4  5  6 |
---------------+-------------------+-----
Axes           | 3 4 5 6 7 |  7.0
Fighting       | |  3.8
Armour         | |  3.2
Shields        | |  3.0

Action                     |  1- 3 |  4- 6 || total
---------------------------+-------+-------++-------
  Melee: War axe           |    78 |    43 ||   121
         Peck              |     8 |    11 ||    19
         Kick              |    12 |    16 ||    28
         Whip              |       |    29 ||    29
    Use: Scroll            |     3 |       ||     3
         Potion            |       |     2 ||     2
 Armour: Scale mail        |    20 |       ||    20
         Chain mail        |    19 |    64 ||    83
  Dodge: Dodged            |    37 |    51 ||    88
  Block: Buckler           |    14 |    21 ||    35
